 Dungeon Crawl Stone Soup version 0.28-a0-1387-g3a22ab9bdc (webtiles) character file.

Game seed: 15650147687588911904

42 croobank the Ducker (level 3, -4/16 HPs)
             Began as a Felid Transmuter on Jan 2, 2022.
             Slain by a gnoll (6 damage)
             ... on level 2 of the Dungeon.
             The game lasted 00:11:26 (2716 turns).

croobank the Ducker (Felid Transmuter)              Turns: 2716, Time: 00:11:26

Health: -4/16      AC:  5    Str:  8    XL:     3   Next: 35%
Magic:  7/7        EV: 18    Int: 14    God:
Gold:   127        SH:  0    Dex: 14    Spells: 4/7 levels left
                                        Lives:  0   Deaths: 1

rFire   . . .      SeeInvis +     - Unarmed
rCold   + . .      Faith    .   (shield unavailable)
rNeg    . . .      Spirit   .   (armour unavailable)
rPois   .          Reflect  .   (helmet unavailable)
rElec   .          Harm     .   (cloak unavailable)
rCorr   .          Rampage  .   (gloves unavailable)
Will    .....      Clarity  +   (boots unavailable)
Stlth   +......... Rnd*Tele +   e - amulet of magic regeneration
HPRegen 0.05/turn               c - +4 ring of protection
MPRegen 0.50/turn               (no ring)

@: appendages (expiring), wereblooded, quick
A: horns 2, very small, claws 1, fangs 3, see invisible, speed 1, shaggy fur 1,
stealthy paws, no weapons or thrown items, no armour, multi-lived, clarity,
clumsy 1, cold resistance 1, teleportitis 1
a: End Transformation


You were on level 2 of the Dungeon.
You had temporarily grown beastly horns.
You visited 1 branch of the dungeon, and saw 2 of its levels.

You collected 127 gold pieces.

Inventory:

Missiles
 a - 69 stones
Jewellery
 c - a +4 ring of protection (left paw)
 e - an amulet of magic regeneration (around neck)
Scrolls
 d - a scroll of teleportation
Potions
 b - a potion of might {unknown}


   Skills:
 + Level 2.0 Fighting
 + Level 3.7 Dodging
 + Level 3.5 Unarmed Combat
 + Level 2.5 Spellcasting
 + Level 3.0 Transmutations


You had 4 spell levels left.
You knew the following spells:

 Your Spells              Type           Power      Damage    Failure   Level
a - Beastly Appendage     Tmut           20%        N/A       7%          1
b - Wereblood             Tmut           10%        N/A       10%         2

Your spell library contained the following spells:

 Spells                   Type           Power      Damage    Failure   Level
 Spider Form              Tmut/Pois      5%         N/A       36%         3
 Ice Form                 Ice/Tmut       5%         N/A       77%         4
 Passage of Golubria      Tloc           1%         N/A       92%         4
 Silence                  Hex/Air        0%         N/A       99%         5
 Lehudib's Crystal Spear  Conj/Erth      0%         10d2      100%        8


Dungeon Overview and Level Annotations

Branches:
Dungeon (2/15)

Altars:


Innate Abilities, Weirdness & Mutations

You have temporarily grown beastly horns.
You have sharp claws.
You have razor-sharp teeth.
You have supernaturally acute eyesight. (SInv)
You cover ground quickly. (Speed+)
You are covered in fur. (AC +1)
Your paws help you pounce on unaware monsters.
You are incapable of wielding weapons or throwing items.
You cannot wear armour.
You gain extra lives every three experience levels.
You possess an exceptional clarity of mind.
You are clumsy. (Dex -2)
Your flesh is cold resistant. (rC+)
You are occasionally teleported next to monsters.


Message History

The gnoll barely misses you.
You barely miss the gnoll.
The gnoll is heavily wounded.
The gnoll hits you with a +0 halberd of flaming!
Ouch! That really hurt!
You die...
The gnoll burns you.
You are now level 3!
You rejoin the land of the living...
A gnoll is nearby!
Casting: Beastly Appendage (safe; 7% risk of failure)
Press: ? - help, Q - select action, (/) - cycle Dir - look around, f - activate
Okay, then.
Casting: Beastly Appendage (safe; 7% risk of failure)
Confirm with . or Enter, or press ? or * to list all spells.
You grow a pair of large bovine horns.
Casting: Beastly Appendage (safe; 7% risk of failure)
Confirm with . or Enter, or press ? or * to list all spells.
Your blood is infused with primal strength.
Your transformation is almost over.
You scratch the gnoll but do no damage.
The gnoll is heavily wounded.
The gnoll hits you with a +0 halberd of flaming.
The gnoll burns you.
You closely miss the gnoll. Your headbutt misses the gnoll.
The gnoll is heavily wounded.
The gnoll misses you.
You scratch the gnoll but do no damage.
The gnoll is heavily wounded.
The gnoll hits you with a +0 halberd of flaming.
* * * LOW HITPOINT WARNING * * *
The gnoll burns you.
* * * LOW HITPOINT WARNING * * *
You scratch the gnoll.
The gnoll is heavily wounded.
The gnoll closely misses you.
You scratch the gnoll but do no damage.
The gnoll is heavily wounded.
The gnoll hits you with a +0 halberd of flaming.
You die...

############ ##############
#..........# .............#
#..........# #..#..#..#...#
#..........# .............#
#..........# #..#..#..#...#
#..........#
.............######..........#
############....@g...........#
..........####.####..........#
.......##..###.####..........#
#############..##............#
####..############
############ ###.##
.≈≈≈≈≈≈≈≈≈.###...#
..≈≈≈≈≈≈≈...##.###
............##.#


You could see a gnoll.

Vanquished Creatures
  2 gnolls (D:2)
  3 adders (D:2)
  2 dart slugs (D:1)
  2 ball pythons
  3 bats (D:1)
  5 endoplasms
  2 giant cockroaches
  4 goblins
  4 hobgoblins
  8 kobolds
  2 quokkas (D:1)
  2 frilled lizards (D:2)
  4 rats
43 creatures vanquished.

Notes
Turn   | Place    | Note
-------+----------+-------------------------------------------
     0 | D:1      | croobank the Felid Transmuter began the quest for the Orb.
     0 | D:1      | Reached XP level 1. HP: 9/9 MP: 4/4
   119 | D:1      | Found a faded altar of an unknown god.
   147 | D:1      | Reached XP level 2. HP: 10/12 MP: 6/6
  1311 | D:1      | Reached XP level 3. HP: 14/15 MP: 5/7
  1692 | D:1      | Gained mutation: You are occasionally teleported next to
                  | monsters. [potion of mutation]
  1692 | D:1      | Gained mutation: Your flesh is cold resistant. (rC+)
                  | [potion of mutation]
  1692 | D:1      | Gained mutation: You are clumsy. (Dex -2) [potion of
                  | mutation]
  1692 | D:1      | Gained mutation: You possess an exceptional clarity of
                  | mind. [potion of mutation]
  2057 | D:2      | Learned a level 2 spell: Wereblood
  2082 | D:2      | Identified the +1 leather armour of Feral Miracles {Fly
                  | MP+9 Str-2 Dex+7}
  2311 | D:2      | Reached XP level 4. HP: 18/19 MP: 8/8
  2678 | D:2      | Slain by a gnoll
  2679 | D:2      | Reached XP level 3. HP: -3/16 MP: 7/7
  2716 | D:2      | Slain by a gnoll

Illustrated notes

Levels and vault maps discovered:
D:1:      matt_arrival_grand_opening, layout_basic,
          hellmonk_ecumenical_altar_pennies_from_heaven, st_stairs_6
D:2:      minmay_kobold_bridge, layout_rooms, corexii_leaking_fountain,
          columned_hall_lemuel, minmay_misc_feat_rows, serial_park_tiny_1,
          minmay_vboxes

Skill      XL: |  1  2  3  4 |
---------------+-------------+-----
Dodging        | 3 |  3.7
Fighting       | 2 |  2.0
Transmutations | 3 |  3.0
Unarmed Combat | |  3.5
Spellcasting   | |  2.5

Action                   |  1- 3 |  4- 6 || total
-------------------------+-------+-------++-------
Melee: Unarmed           |   110 |    38 ||   148
       Headbutt          |     8 |     2 ||    10
       Bite              |     7 |     6 ||    13
       Punch             |     2 |     1 ||     3
 Cast: Beastly Appendage |    18 |     5 ||    23
       Wereblood         |     1 |     1 ||     2
  Use: Potion            |     4 |       ||     4
       Scroll            |     1 |     1 ||     2
 Stab: Sleeping          |     2 |       ||     2
Armor: Skin              |     8 |     4 ||    12
Dodge: Dodged            |    82 |    29 ||   111

Table legend: (Time is in decaauts)
 A = Elapsed time spent in this place.
 B = Non-inter-level travel time spent in this place.
 C = Inter-level travel time spent in this place.
 D = Time resting spent in this place.
 E = Time spent auto-exploring this place.
 F = Levels seen in this place.
 G = Mean time per level.
                   A        B        C        D        E       F      G
               +--------+--------+--------+--------+--------+-----+--------+
         Total |   2430 |   2414 |     16 |    682 |   1122 |   2 | 1215.0 |
       Dungeon |   2430 |   2414 |     16 |    682 |   1122 |   2 | 1215.0 |
               +--------+--------+--------+--------+--------+-----+--------+

Top non-repeatable levels by time:
     D:1: 1545 daAuts
     D:2: 885 daAuts
